Map: Old Republic LE

Players

Killavalon

  • Race: Terran Terran
  • League: Platinum
  • Spawn Location: 7:00

DmitryK - Winner!

  • Race: Terran Terran
  • League: Platinum
  • Spawn Location: 1:00

VOD

Have the link to the VOD?

Description

Time

  • Played on: Jan. 13, 2026, 2:09 p.m.
  • Length: 22:03
Show
View Real Time Build Order
Export as new Build Order

Killavalon Terran 

Build Orders:  

Get SALT Encoding   

  12  0:00  SCV  
  13  0:16  Supply Depot  
  13  0:17  SCV  
  14  0:30  SCV  
  15  0:38  Barracks  
  15  0:42  Refinery  
  15  0:44  SCV  
  16  0:56  SCV  
  17  1:08  SCV  
  18  1:25  Orbital Command  
  18  1:26  Reaper  
  18  1:29  Supply Depot  
  19  1:38  Barracks  
  19  1:45  Bunker  
  19  1:56  Barracks  
  19  2:00  Reaper  
  20  2:09  SCV  
  21  2:21  SCV  
  22  2:27  Reaper, Supply Depot  
  23  2:33  SCV  
  24  2:40  Reaper  
  24  2:45  Reaper  
  25  2:51  SCV  
  25  2:52  Refinery  
  26  2:59  Reaper  
  26  3:04  Supply Depot, SCV  
  28  3:16  Reaper, SCV  
  28  3:19  Marine  
  31  3:33  Barracks Tech Lab  
  31  3:45  Marine  
  31  3:48  Command Center  
  32  3:54  Concussive Shells  
  32  3:55  SCV, Barracks Reactor  
  33  4:00  Marauder  
  35  4:07  SCV  
  36  4:11  Barracks Tech Lab  
  36  4:19  SCV  
  36  4:21  Supply Depot  
  36  4:23  Marauder  
  39  4:25  Factory  
  39  4:32  Marine  
  39  4:34  Marauder  
  41  4:49  Marauder, Marine  
  41  4:50  Marine  
  41  4:52  SCV  
  46  4:55  Marauder  
  46  4:58  Stimpack  
  48  5:04  SCV  
  49  5:07  Marine  
  49  5:08  Factory Tech Lab  
  49  5:09  Marine  
  49  5:10  Marauder  
  53  5:16  Marine  
  53  5:17  Supply Depot  
  54  5:27  Siege Tank  
  57  5:30  Marine x2  
  57  5:32  Marauder  
  57  5:34  Marine  
  62  5:39  Supply Depot  
  62  5:48  Marine x2  
  64  6:08  Siege Tank  
  64  6:09  SCV  
  64  6:10  Orbital Command  
  68  6:21  SCV, Marine  
  68  6:22  Marine, Marauder  
  68  6:24  Starport  
  73  6:33  Engineering Bay, SCV  
  73  6:37  Engineering Bay  
  73  6:39  SCV  
  75  6:43  Refinery  
  75  6:45  Marine  
  76  6:48  Refinery  
  74  6:58  Siege Tank  
  74  7:00  Marine  
  74  7:01  Marauder x2  
  79  7:02  Marine  
  80  7:22  Marauder  
  76  7:29  Marine  
  60  7:30  Marauder  
  60  7:34  Siege Tank  
  60  7:35  Marine  
  64  7:37  SCV  
  64  7:43  Marauder  
  67  7:44  Starport Reactor  
  67  7:45  SCV  
  67  7:47  Marine  
  67  7:49  SCV  
  67  7:50  Combat Shield, Supply Depot x2  
  72  7:51  Marauder  
  72  7:59  SCV  
  72  8:01  SCV  
  72  8:03  Marine  
  72  8:05  Marauder, Terran Infantry Weapons Level 1  
  77  8:11  Marine  
  80  8:13  Marauder  
  80  8:21  Marine  
  80  8:24  SCV x2  
  80  8:26  Marauder  
  85  8:29  Marine  
  85  8:30  Supply Depot  
  85  8:32  Medivac  
  85  8:33  Marine  
  89  8:35  Medivac  
  89  8:38  SCV  
  92  8:47  Marauder  
  85  9:03  Medivac  
  85  9:05  Medivac  
  85  9:09  Siege Tank  
  93  9:10  Marine x2, Marauder  
  93  9:11  Marauder  
  98  9:25  Command Center  
  98  9:26  SCV x2  
  98  9:28  Marine x2  
  102  9:31  Marine  
  102  9:32  Marine  
  104  9:38  SCV  
  104  9:42  Armory  
  104  9:43  SCV  
  104  10:02  Hi-Sec Auto Tracking, Missile Turret  
  104  10:03  Missile Turret  
  98  10:32  Missile Turret  
  98  10:33  Missile Turret  
  97  10:41  Planetary Fortress  
  97  10:55  Missile Turret  
  97  11:01  Missile Turret  
  97  11:06  Terran Infantry Armor Level 1  
  97  11:09  SCV  
  97  11:10  Missile Turret  
  97  11:11  Missile Turret  
  98  11:14  Marine, Refinery  
  99  11:23  Marine x2, Marauder  
  103  11:40  SCV  
  104  11:50  Marine x2, Marauder  
  104  11:51  Marauder  
  104  11:52  SCV  
  111  12:00  Terran Vehicle Weapons Level 1  
  111  12:01  SCV x2  
  111  12:04  SCV  
  111  12:08  Marine x2  
  116  12:10  Refinery  
  116  12:11  Missile Turret  
  116  12:12  Marauder  
  116  12:13  SCV x2  
  113  12:17  SCV  
  113  12:22  Marine  
  99  12:25  Marine  
  99  12:26  Marine, Viking x2  
  99  12:29  SCV  
  107  12:33  Marine  
  106  12:40  Marine  
  106  12:41  SCV  
  106  12:43  Marine  
  101  12:56  Viking x2  
  105  12:59  Marine x3  
  105  13:14  Marine  
  105  13:16  Thor  
  105  13:17  Marine, Marauder x2  
  117  13:26  Viking x2  
  121  13:32  Marine  
  120  13:39  Marauder  
  120  13:46  Marauder  
  122  13:56  Viking  
  124  14:05  Viking  
  124  14:06  Marauder  
  124  14:08  Marauder, Supply Depot x3  
  130  14:10  Supply Depot  
  130  14:12  Supply Depot  
  130  14:13  Sensor Tower  
  131  14:17  SCV x3  
  133  14:24  Sensor Tower  
  133  14:29  Marine, SCV x2  
  133  14:30  Marauder x2, Thor  
  146  14:49  Viking  
  146  14:51  Marauder x2  
  152  15:05  Viking  
  148  15:13  Marauder x2  
  137  15:19  Viking  
  122  15:26  Marine  
  122  15:28  Thor  
  126  15:34  Marauder x2  
  126  15:35  Viking  
  132  15:48  SCV x2  
  134  15:53  Viking  
  134  15:55  SCV, Marauder x2  
  141  16:00  SCV  
  142  16:05  Viking  
  142  16:09  Marine  
  145  16:17  Marauder x2  
  149  16:32  Viking  
  151  16:35  Viking  
  151  16:38  Marauder x2  
  151  16:39  Thor  
  163  16:49  Marine  
  164  16:59  Marauder x2  
  168  17:02  Viking  
  168  17:07  Supply Depot  
  170  17:09  Supply Depot  
  170  17:21  Marauder  
  172  17:28  Thor  
  172  17:50  Refinery, Command Center  
  172  17:52  SCV x2  
  172  17:53  Marine x2, Marauder x2  
  172  17:54  Refinery  
  180  17:58  Barracks  
  180  18:02  Terran Infantry Weapons Level 2, Barracks  
  180  18:08  Terran Infantry Armor Level 2  
  180  18:10  Marine  
  181  18:14  Marauder  
  181  18:19  Viking x2  
  72  19:24  Marine  
  72  19:25  Marine, Marauder x2  
  74  19:34  Planetary Fortress  
  74  19:42  Marine x2  
  74  19:43  Barracks Tech Lab  
  76  19:46  Marauder  
  76  19:47  Marauder  
  76  19:49  Command Center  
  80  19:55  Barracks Tech Lab  
  80  19:58  Medivac x2  
  84  20:00  Marine x2  
  84  20:02  Siege Tank  
  84  20:05  SCV  
  84  20:06  Barracks  
  90  20:07  Barracks  
  90  20:08  Marauder x2  
  90  20:09  SCV  
  90  20:12  SCV  
  96  20:17  SCV  
  96  20:18  Marine x2  
  99  20:26  SCV  
  100  20:29  Marine  
  101  20:43  Armory  
  101  20:49  Missile Turret  
  101  21:03  Barracks Tech Lab  
  101  21:04  Barracks Tech Lab  
  101  21:06  Planetary Fortress  
  101  21:07  SCV x2  
  101  21:08  SCV  
  104  21:11  Missile Turret  
  104  21:15  Marine  
  104  21:16  Marauder x2  
  109  21:30  SCV, Missile Turret x2  
  109  21:31  Missile Turret  
Show
View Real Time Build Order
Export as new Build Order

DmitryK Terran - Winner!

Build Orders: Mech 

Get SALT Encoding   

  12  0:00  SCV  
  13  0:12  SCV  
  14  0:17  Supply Depot  
  14  0:24  SCV  
  15  0:39  SCV  
  15  0:40  Barracks  
  16  0:43  Refinery  
  16  0:51  SCV  
  17  0:59  Barracks  
  17  1:03  SCV  
  18  1:15  Barracks  
  18  1:19  SCV  
  19  1:28  Reaper  
  19  1:31  SCV  
  21  1:43  SCV  
  21  1:46  Refinery  
  22  1:48  Supply Depot, Reaper  
  23  2:09  SCV  
  23  2:10  Reaper  
  25  2:21  SCV  
  26  2:26  Reaper  
  27  2:34  SCV  
  28  2:37  Reaper  
  29  2:46  SCV  
  29  2:51  Reaper  
  31  2:57  Command Center  
  31  3:00  Supply Depot  
  31  3:05  Orbital Command  
  31  3:21  Reaper x2  
  32  3:30  Reaper  
  33  3:35  Factory  
  33  3:42  SCV  
  34  3:53  Reaper  
  34  3:54  SCV  
  34  3:55  Reaper  
  37  4:03  Reaper  
  37  4:07  SCV  
  39  4:12  Refinery  
  39  4:13  Refinery  
  39  4:18  Factory Tech Lab  
  39  4:19  SCV, Factory  
  40  4:24  Orbital Command  
  40  4:27  Reaper  
  40  4:31  SCV  
  42  4:43  SCV  
  42  4:45  Reaper  
  41  4:52  Siege Tank  
  44  4:53  SCV  
  44  4:55  SCV  
  46  5:05  SCV  
  47  5:07  SCV  
  47  5:09  Factory Reactor  
  47  5:10  Reaper  
  47  5:12  Supply Depot  
  49  5:17  SCV  
  49  5:19  SCV  
  51  5:24  Hellion  
  51  5:26  Reaper  
  54  5:32  SCV  
  55  5:36  SCV  
  56  5:45  Siege Tank  
  56  5:47  Factory  
  58  6:03  Hellion x2  
  62  6:04  Armory  
  62  6:06  SCV x2  
  64  6:17  Factory, Cyclone  
  64  6:18  SCV  
  68  6:28  Hellion  
  68  6:32  Factory Tech Lab  
  70  6:35  Supply Depot  
  70  6:46  Starport  
  70  6:56  SCV x2  
  70  6:57  Siege Tank  
  73  7:02  Hellbat x2  
  73  7:05  Factory Tech Lab  
  73  7:08  SCV, Starport  
  75  7:29  Siege Tank  
  68  7:33  Viking  
  68  7:34  SCV  
  71  7:46  Starport Reactor  
  71  7:47  SCV  
  71  7:48  SCV  
  73  7:59  SCV  
  73  8:00  SCV  
  73  8:02  Liberator  
  78  8:18  Supply Depot  
  78  8:23  Viking, Liberator, SCV x2  
  85  8:35  SCV  
  85  8:40  SCV  
  87  8:45  Liberator  
  87  8:46  Command Center  
  90  8:53  Viking  
  75  9:13  Siege Tank  
  75  9:15  Hellbat  
  75  9:16  Viking  
  82  9:20  SCV x2  
  82  9:23  Liberator  
  87  9:28  Viking  
  89  9:32  SCV x2  
  89  9:35  Refinery  
  91  9:40  Siege Tank  
  94  10:06  Hellbat  
  96  10:13  Siege Tank  
  94  10:42  Siege Tank  
  97  10:43  Hellbat, Orbital Command  
  97  10:45  Siege Tank  
  97  10:46  Refinery  
  102  10:51  Engineering Bay  
  102  11:05  Starport Tech Lab  
  102  11:13  Hellbat x2  
  102  11:14  Siege Tank  
  102  11:17  Siege Tank  
  112  11:35  Viking x2  
  116  11:40  Supply Depot  
  116  12:01  Viking, Siege Tank x2  
  124  12:17  Viking  
  124  12:19  Viking  
  125  12:31  SCV  
  125  12:39  Viking  
  124  12:45  Supply Depot  
  124  13:06  Liberator, Siege Tank x2  
  124  13:07  Hellbat  
  132  13:18  Armory  
  132  13:20  Terran Vehicle Weapons Level 1, SCV  
  132  13:26  Factory  
  133  13:29  Factory  
  133  13:35  Command Center  
  133  13:40  Refinery x2  
  133  13:42  Supply Depot  
  133  13:56  Supply Depot  
  133  13:57  Supply Depot  
  133  13:59  Fusion Core  
  133  14:03  Viking  
  133  14:04  SCV, Siege Tank, Hellbat, Supply Depot  
  133  14:07  Armory  
  141  14:12  Factory Tech Lab  
  141  14:13  Factory Tech Lab  
  141  14:18  Viking, SCV x2, Siege Tank  
  141  14:19  Viking  
  141  14:22  Missile Turret  
  150  14:30  SCV  
  151  14:36  Siege Tank, Thor  
  151  14:38  Thor  
  165  14:46  Supply Depot  
  165  14:49  Viking, Supply Depot  
  158  15:21  Battlecruiser  
  158  15:25  Starport  
  155  15:56  Siege Tank  
  155  16:08  Starport Tech Lab  
  155  16:24  Starport  
  155  16:25  Battlecruiser  
  157  16:33  Terran Vehicle Weapons Level 2  
  163  16:40  Battlecruiser  
  163  16:46  SCV  
  164  17:01  Starport Tech Lab  
  164  17:04  Battlecruiser  
  164  17:05  SCV x2  
  172  17:29  Battlecruiser  
  178  17:31  Battlecruiser  
  178  17:33  SCV  
  185  17:37  Terran Ship Weapons Level 1  
  185  17:40  Terran Vehicle And Ship Armor Level 1  
  187  17:44  Battlecruiser  
  187  17:53  SCV  
  188  18:08  Battlecruiser, Refinery  
  194  18:17  Weapon Refit  
  194  18:27  SCV  
  194  18:34  Battlecruiser  
  192  18:36  Battlecruiser  
  177  19:12  Battlecruiser x2  
  137  19:38  Battlecruiser  
  143  19:40  Battlecruiser  
  143  19:41  Siege Tank  
  152  19:59  SCV x2  
  154  20:04  Hellbat x3, Cyclone  
  154  20:06  SCV  
  164  20:11  SCV  
  164  20:13  Cyclone  
  168  20:17  Battlecruiser x2, Command Center  
  180  20:24  SCV  
  180  20:25  Hellbat x2, Cyclone  
  188  20:37  Cyclone  
  188  20:40  Refinery  
  191  20:45  Hellbat  
  191  20:49  Battlecruiser  
  199  21:07  SCV  
  200  21:24  Command Center  
Tags
 
Composition
Mech
Matchup
ТvТ
Spawn Locations
Cross Positions
Add a new tag
Caveats
  • Supply blocks, unpowered buildings, or Contaminate may cause inaccurate times.
  • Supply counts are checked every 10 seconds.